[Event "50th Ciudad Sevilla 2024"]
[Site "Sevilla"]
[Date "2025.01.13"]
[Round "4.11"]
[White "Druska, Juraj"]
[Black "Esquivias Quintero, Luis Manuel"]
[Result "1-0"]
[Annotator "ChessBase"]
[ECO "E46"]
[WhiteElo "2438"]
[BlackElo "2234"]
[PlyCount "97"]
[EventDate "2025.01.10"]
[EventType "swiss"]
[EventCountry "ESP"]
[SourceTitle "playchess.com"]
[Source "ChessBase"]
[SourceQuality "1"]
[TimeControl "90+30"]

1. d4 Nf6 2. c4 e6 3. Nc3 Bb4 4. e3 O-O 5. Bd2 d5 6. Nf3 Re8 7. Bd3 b6 8. cxd5 exd5 9. O-O Bb7 10. Ne5 a6 11. f4 c5 12. a3 Bxc3 13. Bxc3 Nc6 14. Qf3 Ne4 15. dxc5 bxc5 16. Rad1 Nxe5 17. Bxe5 Nf6 18. b4 Nd7 19. Ba1 Qe7 20. Rfe1 a5 21. Qh3 g6 22. Bb5 axb4 23. axb4 f5 24. bxc5 Ra5 25. Bxd7 Qxd7 26. Bd4 Bc6 27. Ra1 Rxa1 28. Rxa1 Qe7 29. Qh6 Bb5 30. h3 Bd3 31. c6 Qf8 32. Qxf8+ Kxf8 33. Ra7 Rc8 34. c7 Ke7 35. Be5 Kd7 36. Rb7 Be4 37. Rb8 Bd3 38. Kf2 Be4 39. Kg3 h6 40. Rb6 Rg8 41. Rb8 Rc8 42. Kf2 Bd3 43. g4 fxg4 44. hxg4 h5 45. f5 g5 46. gxh5 Bxf5 47. h6 Be4 48. Kg3 Bf5 49. Kf3 1-0

[Event "50th Ciudad Sevilla 2024"]
[Site "Sevilla"]
[Date "2025.01.13"]
[Round "4.12"]
[White "Xu, Minghui"]
[Black "Morais, Miguel Almeida"]
[Result "1-0"]
[Annotator "RC"]
[ECO "A07"]
[WhiteElo "2428"]
[BlackElo "2132"]
[PlyCount "121"]
[EventDate "2025.01.10"]
[EventType "swiss"]
[EventCountry "ESP"]
[SourceTitle "playchess.com"]
[Source "ChessBase"]
[SourceQuality "1"]
[TimeControl "90+30"]

1. Nf3 d5 2. g3 Nd7 3. c4 dxc4 4. Qc2 Nb6 5. Na3 Be6 6. e4 Nf6 7. Nxc4 Nxc4 8. Bxc4 Bxc4 9. Qxc4 c6 10. O-O e6 11. b4 Be7 12. d3 O-O 13. Bf4 a6 14. Rfd1 Qb6 15. Rab1 Rfd8 16. a4 Rac8 17. Kg2 Qa7 18. Be3 Qb8 19. Bb6 Re8 20. Qc2 h6 21. Rdc1 Nd7 22. Be3 Ne5 23. Nd2 Ng4 24. Bb6 Bd8 25. Bc5 Be7 26. h3 Nf6 27. Be3 Nd7 28. Rb3 b5 29. a5 Qd6 30. Nf3 Bf6 31. Bf4 Qf8 32. e5 Be7 33. Bd2 Red8 34. d4 Nb8 35. Qe4 Qe8 36. Qg4 Kh8 37. Re3 Qf8 38. Rb1 Qg8 39. Re4 Rc7 40. Rbe1 Bf8 41. Qh5 Qh7 42. Rg4 g6 43. Qh4 Rcd7 44. Rge4 Be7 45. Qf4 g5 46. Qe3 Rg8 47. h4 g4 48. Nh2 h5 49. f3 gxf3+ 50. Nxf3 Kg7 51. Rf4 Kf8 52. Rf1 Ke8 53. Bc3 Qg6 54. Nd2 Rg7 55. Ne4 Kd8 56. R1f2 Ke8 57. Qf3 Rd5 58. Bd2 Nd7 59. Nc3 Nxe5 60. dxe5 Rxe5 61. Qxc6+ 1-0

[Event "50th Ciudad Sevilla 2024"]
[Site "Sevilla"]
[Date "2025.01.13"]
[Round "4.13"]
[White "Campora Perez, Daniel"]
[Black "Isanzhulov, Arystan"]
[Result "0-1"]
[Annotator "RC"]
[ECO "B23"]
[WhiteElo "2073"]
[BlackElo "2397"]
[PlyCount "56"]
[EventDate "2025.01.10"]
[EventType "swiss"]
[EventCountry "ESP"]
[SourceTitle "playchess.com"]
[Source "ChessBase"]
[SourceQuality "1"]
[TimeControl "90+30"]

1. e4 c5 2. Nc3 Nc6 3. Bb5 Nd4 4. Nf3 e6 5. O-O a6 6. Bd3 Nc6 7. a4 g5 8. Bc4 g4 9. Ne1 Nf6 10. d3 d5 11. Ba2 dxe4 12. Bg5 exd3 13. Nxd3 Rg8 14. Bh4 Be7 15. Nxc5 Qa5 16. Bxf6 Bxf6 17. N3e4 Be7 18. c3 Qc7 19. b4 b6 20. Nb3 h5 21. Nd4 Bb7 22. Nxc6 Qxc6 23. Re1 b5 24. c4 Rd8 25. Qe2 Rd4 26. Bb1 bxc4 27. Qe3 Qd5 28. Qf4 f5 0-1

[Event "50th Ciudad Sevilla 2024"]
[Site "Sevilla"]
[Date "2025.01.13"]
[Round "4.14"]
[White "Carrascoso Morales, Abel"]
[Black "Del Rio De Angelis, Salvador G."]
[Result "0-1"]
[Annotator "RC"]
[ECO "B00"]
[WhiteElo "2172"]
[BlackElo "2403"]
[PlyCount "72"]
[EventDate "2025.01.10"]
[EventType "swiss"]
[EventCountry "ESP"]
[SourceTitle "playchess.com"]
[Source "ChessBase"]
[SourceQuality "1"]
[TimeControl "90+30"]

1. e4 Nc6 2. d4 d5 3. exd5 Qxd5 4. Nf3 Bg4 5. Be2 O-O-O 6. Nc3 Qf5 7. Be3 Nf6 8. h3 Bxf3 9. Bxf3 Nxd4 10. Bxd4 e5 11. g4 Qf4 12. Qe2 exd4 13. Bxb7+ Kxb7 14. Qb5+ Kc8 15. Qa6+ Kd7 16. Qa4+ c6 17. Ne2 Qc7 18. O-O-O Bc5 19. Nxd4 Bxd4 20. Rxd4+ Kc8 21. Rb4 a5 22. Rc4 Kb7 23. b4 Rd5 24. Re1 Re8 25. Rxe8 Nxe8 26. bxa5 Rxa5 27. Rb4+ Ka7 28. Qb3 Nd6 29. Qd3 Qe7 30. Rd4 Qe1+ 31. Kb2 Rb5+ 32. Ka3 Qc1+ 33. Ka4 Nb7 34. Rd7 Ra5+ 35. Kb4 c5+ 36. Kc4 Qf4+ 0-1

[Event "50th Ciudad Sevilla 2024"]
[Site "Sevilla"]
[Date "2025.01.13"]
[Round "4.15"]
[White "Matamoros Franco, Carlos S."]
[Black "Rodriguez Pereira, Enrique"]
[Result "1/2-1/2"]
[Annotator "RC"]
[ECO "A04"]
[WhiteElo "2394"]
[BlackElo "2167"]
[PlyCount "103"]
[EventDate "2025.01.10"]
[EventType "swiss"]
[EventCountry "ESP"]
[SourceTitle "playchess.com"]
[Source "ChessBase"]
[SourceQuality "1"]
[TimeControl "90+30"]

1. Nf3 c5 2. g3 Nc6 3. Bg2 Nf6 4. O-O e5 5. c4 d5 6. cxd5 Nxd5 7. Nc3 Nc7 8. a3 f6 9. Rb1 Rb8 10. d3 Be7 11. Be3 O-O 12. b4 cxb4 13. axb4 b5 14. d4 Bf5 15. Rc1 e4 16. Nh4 Be6 17. Nxe4 Nxb4 18. d5 Ncxd5 19. Bxa7 Rc8 20. Qd2 Nc3 21. Qb2 Na4 22. Qa1 Qd7 23. Qd4 Qxd4 24. Bxd4 Rfd8 25. e3 Nc2 26. Nf3 b4 27. Rb1 Bf5 28. Nh4 Nxd4 29. exd4 Bxe4 30. Bxe4 Nc3 31. Bf5 Nxb1 32. Bxc8 Nd2 33. Be6+ Kf8 34. Re1 g6 35. Re2 Rxd4 36. Kg2 Rd3 37. Re3 Rxe3 38. fxe3 b3 39. Nf3 Nxf3 40. Kxf3 b2 41. Ba2 Bc5 42. h4 Ke7 43. g4 Bb6 44. h5 gxh5 45. gxh5 Kf8 46. Bb1 Kg7 47. Ke2 Kh6 48. Kd2 Bc7 49. Bd3 Kxh5 50. Bxh7 Kg4 51. Kc2 Be5 52. e4 1/2-1/2

[Event "50th Ciudad Sevilla 2024"]
[Site "Sevilla"]
[Date "2025.01.13"]
[Round "4.16"]
[White "Lohia, Sohum"]
[Black "Chacon Perez, Juan"]
[Result "1/2-1/2"]
[Annotator "ChessBase"]
[ECO "B41"]
[WhiteElo "2367"]
[BlackElo "2143"]
[PlyCount "82"]
[EventDate "2025.01.10"]
[EventType "swiss"]
[EventCountry "ESP"]
[SourceTitle "playchess.com"]
[Source "ChessBase"]
[SourceQuality "1"]
[TimeControl "90+30"]

1. e4 c5 2. Nf3 e6 3. d4 cxd4 4. Nxd4 a6 5. c4 Nf6 6. Nc3 Bb4 7. Qd3 O-O 8. e5 Ne8 9. Be2 d6 10. Nc2 Ba5 11. b4 Bc7 12. exd6 Qxd6 13. Qxd6 Nxd6 14. Bf4 Nc6 15. c5 Nb5 16. Bxc7 Nxc7 17. O-O e5 18. Rfd1 Bf5 19. Bd3 Bxd3 20. Rxd3 Rfd8 21. Rad1 Ne6 22. Rxd8+ Rxd8 23. Rxd8+ Nexd8 24. Kf1 f6 25. Ke2 Kf7 26. Kd3 Ke6 27. Kc4 f5 28. f3 g5 29. a4 e4 30. fxe4 Ne5+ 31. Kb3 f4 32. Nd4+ Kf6 33. Nd5+ Kg6 34. b5 axb5 35. axb5 Ng4 36. c6 bxc6 37. bxc6 Nxc6 38. Nxc6 Nxh2 39. e5 Kf5 40. Nc7 f3 41. gxf3 Nxf3 1/2-1/2

[Event "50th Ciudad Sevilla 2024"]
[Site "Sevilla"]
[Date "2025.01.13"]
[Round "4.17"]
[White "Ramon Perez, Jose Luis"]
[Black "Starostits, Ilmars"]
[Result "1/2-1/2"]
[Annotator "ChessBase"]
[ECO "B23"]
[WhiteElo "2120"]
[BlackElo "2364"]
[PlyCount "144"]
[EventDate "2025.01.10"]
[EventType "swiss"]
[EventCountry "ESP"]
[SourceTitle "playchess.com"]
[Source "ChessBase"]
[SourceQuality "1"]
[TimeControl "90+30"]

1. e4 c5 2. Nc3 Nc6 3. Bb5 Nd4 4. Nf3 a6 5. Bd3 g6 6. O-O Bg7 7. b3 b5 8. e5 Bb7 9. Be4 d5 10. exd6 Bxe4 11. Nxe4 Nxf3+ 12. Qxf3 Bxa1 13. c3 Ra7 14. Re1 f5 15. Nxc5 Qxd6 16. d4 Nf6 17. Bf4 Qd5 18. Rxa1 Qxf3 19. gxf3 Kf7 20. Re1 Rc8 21. Bg5 Nd5 22. Bd2 Rc6 23. a4 bxa4 24. Nxa4 Nb6 25. Nc5 Nd7 26. Nd3 Rb7 27. b4 Rb5 28. Rc1 Nb6 29. Ne5+ Rxe5 30. dxe5 Nc4 31. Bf4 g5 32. e6+ Rxe6 33. Bb8 Rc6 34. Rd1 Nb6 35. Be5 Ke6 36. Bd4 Nd5 37. Re1+ Kf7 38. Bc5 e6 39. c4 Nf4 40. Rd1 a5 41. Rd7+ Kg6 42. Rd6 Rc8 43. h4 axb4 44. Bxb4 Rxc4 45. Bd2 Nh3+ 46. Kg2 Rxh4 47. Rxe6+ Kf7 48. Ra6 Nf4+ 49. Bxf4 Rxf4 50. Ra7+ Kg6 51. Ra6+ Kh5 52. Ra7 h6 53. Ra6 Rd4 54. Rb6 Rd8 55. Rf6 f4 56. Ra6 Rg8 57. Kh3 Rg6 58. Ra5 Rb6 59. Rc5 Kg6 60. Ra5 Rd6 61. Rb5 Kh5 62. Ra5 Rd3 63. Kg2 Kh4 64. Ra6 h5 65. Rh6 g4 66. fxg4 f3+ 67. Kh2 Kxg4 68. Rh8 Rd2 69. Rg8+ Kh4 70. Kg1 Rd1+ 71. Kh2 Rf1 72. Rg4+ hxg4 1/2-1/2

[Event "50th Ciudad Sevilla 2024"]
[Site "Sevilla"]
[Date "2025.01.13"]
[Round "4.18"]
[White "Rumbos Garcia, Alejandro Daniel"]
[Black "Bukal, Vladimir Jr."]
[Result "0-1"]
[Annotator "TA"]
[ECO "A13"]
[WhiteElo "2090"]
[BlackElo "2356"]
[PlyCount "202"]
[EventDate "2025.01.10"]
[EventType "swiss"]
[EventCountry "ESP"]
[SourceTitle "playchess.com"]
[Source "ChessBase"]
[SourceQuality "1"]
[TimeControl "90+30"]

1. Nf3 d5 2. c4 e6 3. g3 Nf6 4. d4 Bb4+ 5. Nc3 dxc4 6. Bg2 Nc6 7. O-O O-O 8. e3 Rb8 9. Qc2 b5 10. Rd1 Qe7 11. Ng5 (11. e4 {simplifies} h6 12. a3 Bxc3 13. bxc3 Rd8 14. Nd2) 11... Bd7 $1 12. a4 a6 13. axb5 axb5 14. Ra6 (14. e4 $15 Bxc3 15. bxc3) 14... Rb6 (14... h6 $17 15. Nge4 Nd5 16. Nxd5 exd5) 15. Rxb6 $11 cxb6 16. Nxb5 Na5 17. Nc3 h6 18. Nf3 Bc6 19. Ne5 Bxg2 20. Kxg2 Qb7+ 21. f3 b5 {[%emt 0:00:00] Dodges Qa4} 22. e4 Nb3 23. Be3 Rd8 24. Nd3 {[%emt 0:00:00] [#]} Be7 (24... cxd3 25. Qxb3 Be7 (25... Bxc3 26. Qxc3 b4 27. Qxd3 $16) 26. Rxd3 $16 (26. Qxb5 Qxb5 27. Nxb5 Rb8 $11)) (24... Bxc3 $1 $17 25. bxc3 Nxe4) 25. Nc1 Na5 26. N1e2 ({Better is} 26. Nb1 $15) 26... b4 $17 27. Na4 (27. Nb1 $17) 27... Qb5 28. Nc5 c3 (28... Bxc5 $142 29. dxc5 Rxd1 30. Qxd1 c3 31. bxc3 b3) 29. Nd3 (29. bxc3 $2 b3 30. Nxb3 Qxb3 (30... Nxb3 31. Rb1 $16) 31. Qxb3 Nxb3 $19) 29... Nc4 30. Bf2 Ra8 {[%emt 0:02:30] Black is much more active.} 31. bxc3 (31. Qb3 $15 Na5 (31... Nxb2 32. Nxc3 Qc4 33. Qxb2 $15) 32. Qc2 (32. Nxc3 $2 Qxd3 33. Qa4 Qa6 $19)) 31... b3 $19 32. Rb1 Ra2 $36 {[%emt 0:01:11][%mdl 2048] Black is on the roll.} (32... bxc2 33. Rxb5 Ra1 34. Rb8+ Kh7 35. Rc8 $15) 33. Qxb3 Qxb3 34. Rxb3 {[%emt 0:00:01] aiming for Ndc1.} Rxe2 35. Rb8+ Kh7 36. Rb7 Ba3 (36... Rd2 $19 37. Nf4 e5 (37... Ne3+ $2 38. Kg1 $19) 38. dxe5 Ng8) 37. Nf4 (37. Kf1 $17 Rd2 38. Ne5 Nxe5 39. dxe5) 37... Rb2 38. Rxf7 (38. Rxb2 $17 {might work better.} Bxb2 39. Be1) 38... Ne3+ {[%emt 0:00:12] A dynamic duo of knights.} 39. Kg1 Rb1+ 40. Be1 Nc2 41. Nxe6 Ne8 (41... Nxe1 42. Rxg7+ Kh8 43. Kf2 $17) 42. Ra7 Rxe1+ 43. Kf2 Ra1 44. e5 Ra2 45. Kf1 $2 (45. Nf8+ $2 Kg8 46. Ng6 Nxd4+ 47. Kf1 Nxf3 $19) (45. Kg1 Ne1 46. f4) 45... Ne3+ 46. Ke1 Rxh2 47. Nf4 (47. Nc5 $142 Bxc5 48. dxc5) 47... Bb2 48. Ne2 Nd5 {[%emt 0:00:20] Dodges Re7} 49. Rb7 Bxc3+ 50. Nxc3 Nxc3 51. Re7 Re2+ 52. Kf1 {[%emt 0:00:01] [#]} Rd2 $1 53. Rxe8 Rxd4 {[%emt 0:00:06][%mdl 4096] Endgame KRN-KR} 54. Rc8 Nd5 55. Ke2 Kg6 56. Rf8 Ne7 57. g4 Nd5 58. Kf2 Rc4 59. Kg3 Ne7 60. f4 Rc3+ 61. Kf2 Rc8 (61... Nd5 $19 {is more deadly.} 62. e6 Rc7) 62. f5+ $17 Kg5 63. Rf7 Nd5 64. Kf3 $2 (64. Rxg7+ $15 Kf4 65. f6 Kxe5 66. g5) 64... Rc7 $19 65. e6 {[%emt 0:00:38] [#]} Rc3+ $2 ({Black should try} 65... g6 $1 $19 {...Rc3+ is the strong threat.} 66. Ke4 Nf6+ 67. Ke5 Rxf7 (67... Nxg4+ $2 68. Kd6 $19) 68. exf7 Nh7 (68... Nxg4+ $2 69. Ke6 $18) 69. fxg6 Kxg6) 66. Ke4 $11 Nf6+ 67. Kd4 Rc8 68. Rxg7+ Kf4 69. Rg6 (69. e7 $11) 69... Nxg4 (69... Rd8+ $15 70. Kc5 Ke5 (70... Nxg4 71. e7 $11)) 70. e7 $2 (70. f6 $11 Rd8+ (70... Kf5 71. Rxg4 Kxe6 72. Rh4 $11) 71. Kc5) 70... Kxf5 71. Rg7 Nf6 72. Rg1 Ke6 73. Re1+ Kf7 74. Rh1 h5 ({Worse is} 74... Kxe7 75. Rxh6 Rd8+ 76. Kc3 $15) 75. Ke5 Kxe7 76. Kf5 Kf7 77. Kg5 Kg7 78. Re1 Rc5+ 79. Kh4 Kg6 80. Rg1+ Kh6 81. Ra1 Rc4+ (81... Rg5 $142 82. Ra6 Rg4+ 83. Kh3 Rf4 84. Ra7 Kg6 85. Re7 Rf3+ 86. Kh4 Rf4+ 87. Kg3 Re4 88. Rb7 h4+ 89. Kh3 Nh7 90. Kg2 Ng5 91. Rb2 Kh5 92. Kf2 h3 93. Rb3 Rf4+ 94. Ke2 h2 95. Rb8 Kg4 (95... h1=R 96. Rh8+ Kg6 97. Rxh1 $19) (95... Re4+ $2 96. Kd3 $19) 96. Rb1 Ne4 97. Ke3 Ng3 98. Kd3 Nf1 (98... h1=R $2 99. Rb8 $19) (98... h1=Q 99. Rxh1 Nxh1 100. Ke2 Re4+ 101. Kd3 Nf2+ 102. Kc3 Kf3 103. Kb3 Ke3 104. Kc3 Nd1+ 105. Kb3 Kd3 106. Ka2 Kc3 107. Ka3 Kc2 108. Ka2 Ra4#) 99. Rb8 h1=Q (99... h1=R $2 100. Rb7 $19) 100. Rg8+ Kf3 101. Rd8 Ne3 (101... Qh7+ {leads to mate.} 102. Kc3 Qc7+ 103. Kb3 Qb6+ 104. Ka3 Qc5+ 105. Kb2 Rb4+ 106. Ka3 Qa5#) 102. Rd4 Qd1+ 103. Kc3 Rxd4 (103... Qxd4+ 104. Kb3 Qd3+ 105. Ka2 Ra4+ 106. Kb2 Qc2#) 104. Kb2 Qc2+ 105. Ka3 Ra4#) 82. Kh3 Rd4 83. Rg1 Rg4 84. Ra1 Rf4 85. Ra5 Kg6 86. Kg3 Rf5 87. Ra7 Ne4+ 88. Kh3 Rf3+ 89. Kh4 Rf4+ 90. Kh3 h4 91. Ra6+ Kh5 92. Ra5+ Ng5+ 93. Kg2 Kg4 94. Ra8 h3+ 95. Kg1 Kg3 96. Ra3+ Nf3+ 97. Kh1 Re4 98. Ra1 Re1+ 99. Rxe1 Nxe1 100. Kg1 Nd3 101. Kh1 Nf2+ 0-1

[Event "50th Ciudad Sevilla 2024"]
[Site "Sevilla"]
[Date "2025.01.13"]
[Round "4.19"]
[White "Campora, Daniel H."]
[Black "Trkulja, Zoran"]
[Result "1-0"]
[Annotator "RC"]
[ECO "C03"]
[WhiteElo "2353"]
[BlackElo "2104"]
[PlyCount "38"]
[EventDate "2025.01.10"]
[EventType "swiss"]
[EventCountry "ESP"]
[SourceTitle "playchess.com"]
[Source "ChessBase"]
[SourceQuality "1"]
[TimeControl "90+30"]

1. e4 e6 2. d4 d5 3. Nd2 h6 4. Ngf3 Nf6 5. Bd3 c5 6. e5 Nfd7 7. c3 Nc6 8. O-O g5 9. c4 Nxd4 10. cxd5 exd5 11. Nxd4 cxd4 12. Nb3 Bg7 13. f4 gxf4 14. Bxf4 Qe7 15. Qh5 Nf8 16. Nxd4 Be6 17. Rac1 a6 18. Bf5 Kd8 19. Bg3 Qe8 1-0

[Event "50th Ciudad Sevilla 2024"]
[Site "Sevilla"]
[Date "2025.01.13"]
[Round "4.20"]
[White "Aamodt, Peder Marcus"]
[Black "Romero Calduch, Sergio"]
[Result "1-0"]
[Annotator "RC"]
[ECO "E04"]
[WhiteElo "2082"]
[BlackElo "2321"]
[PlyCount "73"]
[EventDate "2025.01.10"]
[EventType "swiss"]
[EventCountry "ESP"]
[SourceTitle "playchess.com"]
[Source "ChessBase"]
[SourceQuality "1"]
[TimeControl "90+30"]

1. d4 Nf6 2. c4 e6 3. Nf3 d5 4. g3 dxc4 5. Bg2 Bd7 6. Nbd2 Bc6 7. Nxc4 Bd5 8. Nce5 Bb4+ 9. Bd2 Bxd2+ 10. Qxd2 O-O 11. O-O c6 12. Rfe1 Qb6 13. Qc3 a5 14. Nc4 Qb4 15. Ncd2 Bxf3 16. Bxf3 Nd5 17. Qd3 Nd7 18. a3 Qe7 19. e4 N5b6 20. Nc4 Rfd8 21. Nxb6 Nxb6 22. Qb3 Nc8 23. Rad1 Nd6 24. Qc3 Nb5 25. Qe3 Qf6 26. d5 e5 27. Bg2 Nd4 28. Rd2 c5 29. f4 a4 30. Rf1 Rd7 31. fxe5 Qxe5 32. Qf4 Re8 33. Rfd1 f6 34. Qf2 Rd6 35. Rxd4 cxd4 36. Qxd4 Qxd4+ 37. Rxd4 1-0

[Event "50th Ciudad Sevilla 2024"]
[Site "Sevilla"]
[Date "2025.01.14"]
[Round "5.1"]
[White "Mitusov, Semen"]
[Black "Iturrizaga Bonelli, Eduardo"]
[Result "1/2-1/2"]
[Annotator "RC"]
[ECO "B13"]
[WhiteElo "2463"]
[BlackElo "2574"]
[PlyCount "38"]
[EventDate "2025.01.10"]
[EventType "swiss"]
[EventCountry "ESP"]
[SourceTitle "playchess.com"]
[Source "ChessBase"]
[SourceQuality "1"]
[TimeControl "90+30"]

1. e4 c6 2. d4 d5 3. exd5 cxd5 4. Bd3 Nc6 5. c3 Qc7 6. h3 e6 7. Nf3 Bd6 8. O-O Nge7 9. a3 O-O 10. Qe2 Bd7 11. Be3 Rae8 12. c4 dxc4 13. Bxc4 e5 14. d5 Nd4 15. Bxd4 exd4 16. Qd3 Ng6 17. Nbd2 Nf4 18. Qxd4 b5 19. Bd3 Be5 1/2-1/2

[Event "50th Ciudad Sevilla 2024"]
[Site "Sevilla"]
[Date "2025.01.14"]
[Round "5.2"]
[White "Urazayev, Arystanbek"]
[Black "Agdestein, Simen"]
[Result "1-0"]
[Annotator "ChessBase"]
[ECO "B40"]
[WhiteElo "2448"]
[BlackElo "2564"]
[PlyCount "61"]
[EventDate "2025.01.10"]
[EventType "swiss"]
[EventCountry "ESP"]
[SourceTitle "playchess.com"]
[Source "ChessBase"]
[SourceQuality "1"]
[TimeControl "90+30"]

1. e4 c5 2. Nf3 e6 3. d4 cxd4 4. Nxd4 Nf6 5. Nc3 Nc6 6. a3 d6 7. Be3 Be7 8. Qe2 Nxd4 9. Bxd4 e5 10. Be3 O-O 11. O-O-O a6 12. f3 b5 13. g4 Be6 14. g5 Nd7 15. h4 Nb6 16. f4 exf4 17. Bxf4 Rc8 18. Qe3 Nc4 19. Bxc4 Rxc4 20. Nd5 Bxd5 21. Rxd5 Qc8 22. Qd3 Re8 23. Kb1 g6 24. h5 Qg4 25. hxg6 fxg6 26. Rf5 h5 27. Qd5+ Kh8 28. Be5+ dxe5 29. Qxe5+ Kg8 30. Qe6+ Kh8 31. Qxg6 1-0

[Event "50th Ciudad Sevilla 2024"]
[Site "Sevilla"]
[Date "2025.01.14"]
[Round "5.3"]
[White "Druska, Juraj"]
[Black "Makhnev, Denis"]
[Result "1/2-1/2"]
[Annotator "TA"]
[ECO "B15"]
[WhiteElo "2438"]
[BlackElo "2532"]
[PlyCount "45"]
[EventDate "2025.01.10"]
[EventType "swiss"]
[EventCountry "ESP"]
[SourceTitle "playchess.com"]
[Source "ChessBase"]
[SourceQuality "1"]
[TimeControl "90+30"]

1. e4 c6 2. d4 d5 3. Nc3 dxe4 4. Nxe4 Nf6 5. Nxf6+ exf6 6. Nf3 Bd6 7. Bd3 O-O 8. O-O Bg4 9. h3 Bh5 10. Bf5 Re8 11. Qd3 Bg6 12. Nh4 Na6 13. Bd2 Bxf5 14. Nxf5 Bf8 15. Rad1 Qd7 16. c4 Rad8 17. Qf3 Qe6 {[%emt 0:00:00] [#]} 18. d5 $1 Qe2 (18... cxd5 19. Rfe1) 19. Qxe2 $1 Rxe2 20. Ba5 b6 21. Bc3 {[%emt 0:00:00] Hoping for Nd4.} (21. dxc6 $2 {loses.} Rxd1 22. Rxd1 bxa5 $19) 21... cxd5 22. cxd5 (22. Rxd5 $14 {is superior.} Rde8 23. Nd4) 22... h5 23. Nd4 1/2-1/2

[Event "50th Ciudad Sevilla 2024"]
[Site "Sevilla"]
[Date "2025.01.14"]
[Round "5.4"]
[White "Isanzhulov, Arystan"]
[Black "Kvaloy, Aksel Bu"]
[Result "1/2-1/2"]
[Annotator "ChessBase"]
[ECO "C47"]
[WhiteElo "2397"]
[BlackElo "2487"]
[PlyCount "66"]
[EventDate "2025.01.10"]
[EventType "swiss"]
[EventCountry "ESP"]
[SourceTitle "playchess.com"]
[Source "ChessBase"]
[SourceQuality "1"]
[TimeControl "90+30"]

1. e4 e5 2. Nf3 Nc6 3. Nc3 Nf6 4. d4 exd4 5. Nxd4 Bb4 6. Nxc6 bxc6 7. Bd3 d5 8. exd5 cxd5 9. O-O O-O 10. h3 c6 11. Qf3 Bd6 12. Bf4 Qc7 13. Bxd6 Qxd6 14. Rfe1 Bd7 15. b3 Rfe8 16. Rad1 g6 17. Rxe8+ Rxe8 18. Ne2 Kg7 19. Qf4 Re5 20. b4 Qe7 21. Kf1 Ne4 22. f3 Rf5 23. Qe3 Ng3+ 24. Kf2 Qxe3+ 25. Kxe3 Re5+ 26. Kf4 Rxe2 27. Kxg3 Re8 28. Kf4 Kf6 29. h4 h6 30. g4 g5+ 31. Kg3 Rb8 32. a3 Re8 33. Rh1 Rg8 1/2-1/2

[Event "50th Ciudad Sevilla 2024"]
[Site "Sevilla"]
[Date "2025.01.14"]
[Round "5.5"]
[White "Xu, Xiangyu"]
[Black "Xu, Minghui"]
[Result "1/2-1/2"]
[Annotator "RC"]
[ECO "D14"]
[WhiteElo "2611"]
[BlackElo "2428"]
[PlyCount "34"]
[EventDate "2025.01.10"]
[EventType "swiss"]
[EventCountry "ESP"]
[SourceTitle "playchess.com"]
[Source "ChessBase"]
[SourceQuality "1"]
[TimeControl "90+30"]

1. d4 d5 2. Nf3 Nf6 3. c4 c6 4. cxd5 cxd5 5. Nc3 Nc6 6. Bf4 Bf5 7. e3 e6 8. Bd3 Bxd3 9. Qxd3 Bd6 10. Bxd6 Qxd6 11. O-O O-O 12. Rfc1 Rfc8 13. h3 h6 14. Nb5 Qd8 15. Nc3 Qd6 16. Nb5 Qd8 17. Nc3 Qd6 1/2-1/2

[Event "50th Ciudad Sevilla 2024"]
[Site "Sevilla"]
[Date "2025.01.14"]
[Round "5.6"]
[White "Li, Di"]
[Black "Campora, Daniel H."]
[Result "1/2-1/2"]
[Annotator "RC"]
[ECO "A07"]
[WhiteElo "2544"]
[BlackElo "2353"]
[PlyCount "139"]
[EventDate "2025.01.10"]
[EventType "swiss"]
[EventCountry "ESP"]
[SourceTitle "playchess.com"]
[Source "ChessBase"]
[SourceQuality "1"]
[TimeControl "90+30"]

1. Nf3 d5 2. g3 Bg4 3. Bg2 Nd7 4. h3 Bxf3 5. Bxf3 Ngf6 6. d3 c6 7. O-O e6 8. Bg2 Be7 9. e4 O-O 10. Qe2 dxe4 11. dxe4 e5 12. a4 Re8 13. Nd2 Qc7 14. Rd1 a5 15. h4 Bb4 16. Nc4 Nb6 17. c3 Bc5 18. Nd2 Nbd7 19. Bh3 h6 20. Nb3 Ba7 21. Bxd7 Nxd7 22. Bxh6 Nf6 23. Bg5 Re6 24. Be3 Bxe3 25. Qxe3 Rd8 26. Rd2 Red6 27. Rad1 Rxd2 28. Rxd2 Rxd2 29. Nxd2 b5 30. Kg2 bxa4 31. Nc4 Qb8 32. Qd3 Qb5 33. Kh3 Qc5 34. Qe2 g6 35. Na3 Kg7 36. Kg2 Qb6 37. Kf3 Qb3 38. Qc2 Nd7 39. Qd2 Nb6 40. Qe2 Kg8 41. Kg2 Kg7 42. h5 gxh5 43. Qxh5 Qxb2 44. Qxe5+ Kg8 45. Qg5+ Kh7 46. Qc5 Kg7 47. g4 Qb3 48. f3 Qb2+ 49. Kg3 Qc1 50. g5 Nd7 51. Qd4+ Kg8 52. Qxd7 Qxa3 53. Qd8+ Qf8 54. Qxa5 Qd6+ 55. e5 Qd5 56. Qxa4 Qxe5+ 57. Kg4 Qxc3 58. f4 Qc1 59. Qd4 c5 60. Qd8+ Kg7 61. Qf6+ Kg8 62. Qd8+ Kg7 63. Qd5 Qg1+ 64. Kf5 Qb1+ 65. Ke5 Qb2+ 66. Kd6 Qd4 67. f5 Qf4+ 68. Qe5+ Qxe5+ 69. Kxe5 f6+ 70. Ke6 1/2-1/2

[Event "50th Ciudad Sevilla 2024"]
[Site "Sevilla"]
[Date "2025.01.14"]
[Round "5.7"]
[White "Vignesh N R"]
[Black "Silva Lucena, Cristian"]
[Result "1-0"]
[Annotator "RC"]
[ECO "C42"]
[WhiteElo "2523"]
[BlackElo "2317"]
[PlyCount "121"]
[EventDate "2025.01.10"]
[EventType "swiss"]
[EventCountry "ESP"]
[SourceTitle "playchess.com"]
[Source "ChessBase"]
[SourceQuality "1"]
[TimeControl "90+30"]

1. e4 e5 2. Nf3 Nf6 3. Nxe5 d6 4. Nf3 Nxe4 5. Nc3 Nxc3 6. dxc3 Be7 7. Be3 O-O 8. Qd2 Nd7 9. O-O-O Nf6 10. h3 c5 11. c4 b5 12. cxb5 a6 13. b6 Qxb6 14. c4 Rb8 15. Bd3 d5 16. Bf4 Rb7 17. Rhe1 Rd8 18. Qc2 Be6 19. Ng5 dxc4 20. Bxh7+ Kf8 21. Rxd8+ Bxd8 22. Nxe6+ fxe6 23. Be4 Nd5 24. Bxd5 exd5 25. Qf5+ Rf7 26. Qh5 Re7 27. Rxe7 Bxe7 28. Qxd5 Qa5 29. Qf5+ Ke8 30. Qh5+ Kf8 31. Qf3 Kg8 32. Qe4 Kf8 33. Be5 Qxa2 34. Bxg7+ Kf7 35. Bc3 Qa1+ 36. Kd2 Qf1 37. Qf5+ Ke8 38. g3 Bg5+ 39. f4 Qf2+ 40. Kc1 Qf1+ 41. Kc2 Qe2+ 42. Bd2 Bf6 43. Qc8+ Kf7 44. Qd7+ Kf8 45. Qf5 Ke8 46. g4 Bd4 47. g5 Qf3 48. Qe6+ Kf8 49. Qxc4 Qxh3 50. Qxa6 Qf5+ 51. Qd3 Qd5 52. b3 Qa8 53. Qf5+ Kg8 54. Qe6+ Kf8 55. g6 Qa2+ 56. Kd1 Qa1+ 57. Ke2 Qa7 58. Kd3 Qb7 59. Qf7+ Qxf7 60. gxf7 Kxf7 61. Be3 1-0

[Event "50th Ciudad Sevilla 2024"]
[Site "Sevilla"]
[Date "2025.01.14"]
[Round "5.8"]
[White "Ilinca, Felix-Antonio"]
[Black "Keleberda, Tymur"]
[Result "1-0"]
[Annotator "RC"]
[ECO "C11"]
[WhiteElo "2440"]
[BlackElo "2265"]
[PlyCount "119"]
[EventDate "2025.01.10"]
[EventType "swiss"]
[EventCountry "ESP"]
[SourceTitle "playchess.com"]
[Source "ChessBase"]
[SourceQuality "1"]
[TimeControl "90+30"]

1. e4 e6 2. d4 d5 3. Nc3 a6 4. Nf3 Nf6 5. e5 Nfd7 6. Ne2 c5 7. c3 Nc6 8. g3 Qa5 9. Bd2 Qb6 10. Rb1 cxd4 11. cxd4 f6 12. exf6 Nxf6 13. Bg2 Be7 14. O-O O-O 15. Be3 Ne4 16. Ne5 Nd6 17. Nxc6 bxc6 18. Bf4 Nf5 19. Be5 Bf6 20. Bxf6 Rxf6 21. Qd2 Bb7 22. Rbc1 a5 23. Rfd1 Nd6 24. b3 a4 25. Qe3 axb3 26. axb3 Ra3 27. Qe5 Qd8 28. Nf4 Nf7 29. Qe3 Qd6 30. Re1 Bc8 31. Nxd5 exd5 32. Rxc6 Be6 33. Rxd6 Nxd6 34. Qe5 Ne4 35. Bxe4 dxe4 36. Qb8+ Kf7 37. Qb7+ Kg6 38. Qxe4+ Bf5 39. Qe8+ Kh6 40. Qe3+ Kg6 41. d5 Raa6 42. f3 h5 43. Rd1 Rfd6 44. Kg2 Kh7 45. Rd2 Bg6 46. Qe5 Rab6 47. b4 Bf7 48. h3 Kg8 49. g4 hxg4 50. hxg4 Rd7 51. Rd4 Rbd6 52. Kg3 Rxd5 53. Rxd5 Rxd5 54. Qb8+ Kh7 55. b5 Rd3 56. b6 Bd5 57. Qf4 Rd1 58. Qf5+ Kg8 59. Qc8+ Kh7 60. Qc2+ 1-0